AoeStats
← PancakeDa

Golden Pit

507843434Analyzed
1v1 RM · 11d ago on Sep 19, 2026· 37m 48s· 2 players
Game mode
Random Map
Map size
Tiny (2 player)
Population
200
Speed
Normal
Resources
Standard
Victory
Conquest
Starting age
Dark Age
Ending age
Imperial Age
RankedLock teamsTeams togetherTeam positionsShared explorationLock speedFull tech treeHidden civsTurbo modeCheats
Victory
Defeat
🇬🇧 Chinese · United Kingdom
528
+17
🇨🇴 Huns · Colombia
552
-17
PancakeDa
0:44 Loom
11:36 Feudal Age
12:05 Double-Bit Axe
12:04 Horse Collar
16:15 Arson
22:23 Castle Age
21:34 Scale Mail Armor
21:45 Forging
23:28 Pikeman
24:45 Squires
29:16 Iron Casting
28:57 Chain Mail Armor
36:31 Imperial Age
Santypg29
11:20 Feudal Age
15:26 Gold Mining
15:37 Double-Bit Axe
17:56 Horse Collar
18:27 Scale Barding Armor
18:33 Forging
23:24 Castle Age
25:49 Bow Saw
27:12 Padded Archer Armor
27:02 Fletching
28:30 Heavy Plow
32:50 Iron Casting
34:32 Husbandry
34:42 Bloodlines
34:41 Thumb Ring
36:49 Ballistics
Connection lost

Rejoining the realm…

Still unreachable

The connection could not be restored.

Session expired

The server has moved on; the page needs a fresh start.